 Dungeon Crawl Stone Soup version 0.22-a0-253-gf9d0ce5 (webtiles) character file.

2779 KristoblXynda the Carver (level 9, -8/67 HPs)
             Began as a Grey Draconian Gladiator on Mar 3, 2018.
             Was a Priest of Jiyva.
             Mangled by an orc warrior
             ... wielding a cursed -3 blowgun
              (13 damage)
             ... on level 8 of the Dungeon.
             The game lasted 00:13:46 (7175 turns).

KristoblXynda the Carver (Grey Draconian Gladiator) Turns: 7175, Time: 00:13:47

Health: -8/67      AC: 13    Str: 13 (16) XL:     9   Next: 42%
Magic:  9/9        EV: 15    Int: 16 (18) God:    Jiyva [***...]
Gold:   14         SH: 11    Dex: 11 (12) Spells: 8/8 levels left

rFire    . . .     SeeInvis .   a - +1 long sword
rCold    . . .     Gourm    .   g - +2 shield
rNeg     . . .     Faith    .   (armour unavailable)
rPois    +         Spirit   .   b - +1 hat
rElec    .         Reflect  .   (no cloak)
rCorr    +         Harm     .   (no gloves)
MR       .....                  (no boots)
Stlth    +.........             (no amulet)
HPRegen  0.21/turn              F - ring of poison resistance
MPRegen  0.11/turn              E - +2 ring of evasion

@: brilliant, very slightly contaminated, invisible
A: walk through water, unfitting armour, unbreathing, cold-blooded, AC +12
a: Request Jelly, Renounce Religion


You were on level 8 of the Dungeon.
You worshipped Jiyva.
Jiyva was most pleased with you.
You were not hungry.

You visited 2 branches of the dungeon, and saw 9 of its levels.

You collected 214 gold pieces.
You spent 200 gold pieces at shops.

Inventory:

Hand Weapons
 a - a +1 long sword (weapon)
Missiles
 c - 2 throwing nets (quivered)
Armour
 b - a +1 hat (worn)
 g - a +2 shield (worn)
Jewellery
 o - an uncursed ring of protection from fire
 r - an uncursed amulet of faith {unknown}
 u - an uncursed amulet of rage
 C - an uncursed amulet of magic regeneration {unknown}
 E - a +2 ring of evasion (right hand)
 F - a ring of poison resistance (left hand)
Wands
 D - a wand of digging (9)
Scrolls
 f - 7 scrolls of remove curse
 k - 2 scrolls of enchant armour
 p - a scroll of magic mapping
 q - 2 scrolls of amnesia
 s - 2 scrolls of immolation
 t - 3 scrolls of teleportation
Potions
 e - 3 potions of lignification
 j - a potion of mutation
 l - 2 potions of resistance
 w - a potion of degeneration
 z - a potion of haste
 A - a potion of invisibility
 B - a potion of brilliance
Comestibles
 d - 7 rations


   Skills:
 - Level 2.1 Fighting
 * Level 9.7 Long Blades
 - Level 2.0 Throwing
 + Level 6.5 Dodging
 + Level 6.3 Shields


You had 8 spell levels left.
You didn't know any spells.

Dungeon Overview and Level Annotations

Branches:
Dungeon (8/15)             Temple (1/1) D:5
   Lair: D:8-11

Altars:
Ashenzari
Cheibriados
Dithmenos
Elyvilon
Hepliaklqana
Kikubaaqudgha
Nemelex Xobeh
Qazlal
Ru
Sif Muna
Uskayaw
Yredelemnul
Zin
The Shining One
Jiyva

Shops:
D:7 =   D:8 }


Innate Abilities, Weirdness & Mutations

You can walk through water.
Your dull iron-grey scales are very hard. (AC +12)
You cannot fit into any form of body armour.
You can survive without breathing.
You are cold-blooded and may be slowed by cold attacks.


Message History

The kobold looks frightened! x3; The adder looks frightened!
The orc warrior looks frightened!
The orc looks frightened!
It was a scroll of fear.
Unknown command.
Things that are here:
a giant spiked club; an ogre corpse Throwing (i - inventory)
c - 3 throwing nets (quivered)
Press: ? - help, Shift-Dir - straight line, f - orc warrior
Aim: an orc warrior, wielding a blowgun and wearing a plate armour (severely wounded)
You throw a throwing net.
The throwing net barely misses the orc warrior.
The throwing net hits the kobold.
The kobold is caught in the net!
Your attack snaps the kobold out of its fear.
The kobold is severely wounded.
You block the orc warrior's attack.
The kobold struggles against the net.
You hit the orc warrior but do no damage.
Your attack snaps the orc warrior out of its fear.
The orc warrior is severely wounded.
The orc warrior hits you with a blowgun!
You die...

#......# ######### #......#
[....§§§###......#
#######§§.#......#
#########........####### ###
.....)....)............###...
############.................
###.#....(..#.#...
####..@.........###
........o..........#
.###..##...>..####.# #..
#..K...# .... ####p### ###.
#K# # #(# ......Kp# .......o#


You could see a human, an orc warrior and 2 kobolds.

Vanquished Creatures
  Grinder (D:6)
  Sigmund (D:2)
  Menkaure (D:7)
  A water moccasin (D:5)
  An ice beast (D:7)
  A sky beast (D:5)
  A phantom (D:5)
  5 ogres
  2 centaurs
  3 bullfrogs
  2 water moccasin skeletons
  2 scorpions
  6 killer bees (D:8)
  A howler monkey (D:5)
  A bullfrog zombie (D:3)
  A bullfrog skeleton (D:4)
  A centaur skeleton (D:7)
  2 hounds
  2 orc priests
  7 orc wizards
  4 worker ants
  A hound zombie (D:6)
  A mummy (D:4)
  A howler monkey skeleton (D:4)
  5 adders
  4 gnolls (D:3)
  2 shadow imps
  3 worms
  3 dart slugs
  3 leopard geckos
  23 orcs
  7 bats
  2 giant cockroaches (D:1)
  15 goblins
  8 hobgoblins
  9 jackals
  2 ball pythons
  5 frilled lizards
  A giant cockroach zombie (D:5)
  A hobgoblin zombie (D:4)
  2 kobold zombies (D:4)
  An orc zombie (D:4)
  2 quokka skeletons
  A quokka zombie (D:7)
  2 rats (D:3)
150 creatures vanquished.

Vanquished Creatures (others)
  A bullfrog (D:7)
  5 jellies
  A hound (D:8)
  An iguana (D:7)
  2 orc wizards
  A worker ant (D:6)
  2 adders
  A leopard gecko (D:6)
  An orc (D:7)
  4 jackals (D:7)
  3 kobolds (D:8)
22 creatures vanquished.

Grand Total: 172 creatures vanquished

Notes
Turn   | Place    | Note
-------+----------+-------------------------------------------
     0 | D:1      | KristoblXynda the Draconian Gladiator began the quest for the Orb.
     0 | D:1      | Reached XP level 1. HP: 17/17 MP: 1/1
   196 | D:1      | Reached XP level 2. HP: 24/24 MP: 2/2
   538 | D:1      | Reached XP level 3. HP: 29/29 MP: 3/3
   707 | D:2      | Found a sparkling altar of Nemelex Xobeh.
   740 | D:2      | Reached skill level 1 in Shields
  1365 | D:2      | Noticed Sigmund
  1388 | D:2      | Killed Sigmund
  1388 | D:2      | Reached skill level 4 in Long Blades
  1388 | D:2      | Reached XP level 4. HP: 22/36 MP: 4/4
  1388 | D:2      | Reached XP level 5. HP: 25/41 MP: 5/5
  1447 | D:2      | Found a hazy altar of Hepliaklqana.
  1572 | D:2      | Reached skill level 5 in Long Blades
  1817 | D:3      | Reached XP level 6. HP: 23/48 MP: 6/6
  2340 | D:3      | Noticed an air elemental
  2341 | D:3      | Found a stormy altar of Qazlal.
  2364 | D:3      | Noticed a water elemental
  2366 | D:3      | Noticed a fire elemental
  3033 | D:4      | Found a basalt altar of Yredelemnul.
  3322 | D:4      | Reached skill level 6 in Long Blades
  3322 | D:4      | Your scales start taking on a dull iron-grey colour.
  3322 | D:4      | Reached XP level 7. HP: 48/55 MP: 7/7
  3322 | D:4      | Gained mutation: You can survive without breathing. [Grey Draconian growth]
  3668 | D:5      | Entered Level 5 of the Dungeon
  3753 | D:5      | Found a deep blue altar of Sif Muna.
  4317 | D:5      | Reached skill level 7 in Long Blades
  4425 | D:5      | Reached skill level 5 in Dodging
  4425 | D:5      | Reached XP level 8. HP: 56/61 MP: 8/8
  4824 | D:5      | Found a staircase to the Ecumenical Temple.
  5129 | Temple   | Entered the Ecumenical Temple
  5145 | Temple   | Became a worshipper of Jiyva Jeaffo the Shapeless
  5588 | D:6      | Reached skill level 8 in Long Blades
  5607 | D:6      | Reached * piety under Jiyva
  5865 | D:6      | Noticed Grinder
  5882 | D:6      | Paralysed by Grinder for 3 turns
  5887 | D:6      | Killed Grinder
  5887 | D:6      | Reached skill level 5 in Shields
  6269 | D:7      | Reached ** piety under Jiyva
  6291 | D:7      | Found a white marble altar of Elyvilon.
  6313 | D:7      | Reached XP level 9. HP: 42/67 MP: 9/9
  6345 | D:7      | Found Ciohunig's Jewellery Boutique.
  6357 | D:7      | Bought an uncursed ring of poison resistance for 200 gold pieces
  6480 | D:7      | Found a glowing golden altar of the Shining One.
  6485 | D:7      | Reached skill level 9 in Long Blades
  6513 | D:7      | Noticed Menkaure
  6519 | D:7      | Killed Menkaure
  6842 | D:7      | Found a hide-covered altar of Uskayaw.
  6842 | D:7      | Found a glowing silver altar of Zin.
  6958 | D:8      | Found Ajygumu's Gadget Emporium.
  7117 | D:8      | Reached *** piety under Jiyva
  7164 | D:8      | HP: 2/67 [orc warrior/blowgun (16)]
  7175 | D:8      | Mangled by an orc warrior

Vault maps used:
D:1:      minmay_arrival_stone_box
D:2:      nemelex_xobeh_ov_fountains_minmay, lemuel_doored_altar, first_ration,
          minmay_goblin_outpost, uniq_sigmund
D:3:      nicolae_qazlal_style_of_elements, minmay_quantized
D:4:      lemuel_coloured_pillars_altar, minmay_mini_ossuary
D:5:      marbit_many_paths, minmay_temple_entry_fiery
D:6:      minmay_diamond_boxcup, serial_bayou_pond_c, minmay_strange_pillars,
          uniq_grinder
D:7:      elyvilon_altar_3, gammafunk_temple_overflow_elements, serial_shops,
          shop_statue, basic_altar, uniq_menkaure
D:8:      serial_shops, shop, grunt_pizzeria, uniq_prince_ribbit1
Temple:   pf_slimified_temple

Skill      XL: |  1  2  3  4  5  6  7  8  9 |
---------------+----------------------------+-----
Throwing       | 2 |  2.0
Dodging        | 3 4 5 6 |  6.5
Shields        | 2 3 4 5 6 |  6.3
Long Blades    | 4 5 6 7 8 9 |  9.7
Fighting       | |  2.1

Action                   |  1- 3 |  4- 6 |  7- 9 || total
-------------------------+-------+-------+-------++-------
Melee: Long sword        |   106 |   180 |   393 ||   679
       Tailslap          |    16 |    31 |    53 ||   100
Throw: Throwing net      |       |       |     1 ||     1
Invok: Request Jelly     |       |       |     1 ||     1
  Use: Potion            |       |     1 |     8 ||     9
       Scroll            |       |       |    17 ||    17
 Stab: Sleeping          |       |       |     1 ||     1
       Distracted        |       |       |     1 ||     1
  Eat: Chunk             |     1 |     4 |     2 ||     7
       Ration            |       |     1 |     3 ||     4
Armor: Skin              |    35 |    40 |   110 ||   185
Dodge: Dodged            |    54 |    94 |   161 ||   309
Block: Shield            |    62 |   119 |   213 ||   394
       Rpst.: Long sword |    14 |    38 |    46 ||    98

Table legend:
 A = Spawn XP
 B = Non-spawn XP
 C = Spawn XP percentage of total XP
 D = Spawn monster count
 E = Non-spawn monster count
 F = Spawn count percentage of total count
 G = Total turns spent on level
                    A         B        C        D         E        F      G
               +---------+---------+-------+---------+---------+-------+---------
         Total |       0 |    3970 |   0.0 |       0 |     151 |   0.0 |  7175
               +---------+---------+-------+---------+---------+-------+---------
           D:1 |       0 |      42 |   0.0 |       0 |      21 |   0.0 |   586
           D:2 |       0 |     295 |   0.0 |       0 |      19 |   0.0 |  1198
           D:3 |       0 |     236 |   0.0 |       0 |      28 |   0.0 |   840
           D:4 |       0 |     253 |   0.0 |       0 |      21 |   0.0 |  1044
           D:5 |       0 |     854 |   0.0 |       0 |      19 |   0.0 |  1579
           D:6 |       0 |     876 |   0.0 |       0 |      18 |   0.0 |   941
           D:7 |       0 |     686 |   0.0 |       0 |      12 |   0.0 |   738
           D:8 |       0 |     728 |   0.0 |       0 |      13 |   0.0 |   217
               +---------+---------+-------+---------+---------+-------+---------
